AoeStats
← Old & Rusty

Arabia

504873302Analyzed
1v1 RM · 27d ago on Sep 6, 2026· 49m 46s· 2 players
Game mode
Random Map
Map size
Tiny (2 player)
Population
200
Speed
Normal
Resources
Standard
Victory
Conquest
Starting age
Dark Age
Ending age
Imperial Age
RankedLock teamsTeams togetherTeam positionsShared explorationLock speedFull tech treeHidden civsTurbo modeCheats
Victory
Defeat
🇺🇸 Vietnamese · United States
1021
+14
🇬🇧 Sicilians · United Kingdom
985
-14
SmashingTrash29
1:11 Loom
11:47 Feudal Age
12:41 Double-Bit Axe
12:37 Horse Collar
16:55 Town Watch
21:16 Castle Age
20:34 Fletching
20:37 Gold Mining
22:05 Crossbowman
22:50 Padded Archer Armor
23:49 Thumb Ring
24:36 Bodkin Arrow
26:41 Leather Archer Armor
34:26 Stone Mining
35:15 Wheelbarrow
38:16 Hand Cart
43:05 Imperial Age
41:12 Bow Saw
43:21 Town Watch
43:10 Arbalester
44:28 Bracer
45:39 Ring Archer Armor
47:06 Ballistics
47:26 Capped Ram
49:58 Paper Money
Old & Rusty
12:17 Feudal Age
13:19 Double-Bit Axe
14:44 Horse Collar
23:03 Castle Age
21:16 Scale Mail Armor
21:37 Forging
25:32 Chain Mail Armor
26:27 Fletching
27:32 Squires
27:21 Gambesons
40:52 Bodkin Arrow
41:27 Elite Skirmisher
42:44 Padded Archer Armor
Connection lost

Rejoining the realm…

Still unreachable

The connection could not be restored.

Session expired

The server has moved on; the page needs a fresh start.